Map: Синее смещение РВ

Players

Murena - Winner!

  • Race: Terran Terran
  • Spawn Location: 1:00

ИИ 1 (эксперт)

  • Race: Protoss Protoss
  • Spawn Location: 7:00

VOD

Have the link to the VOD?

Description

Time

  • Played on: March 27, 2019, 9:50 a.m.
  • Length: 7:41
Show
View Real Time Build Order
Export as new Build Order

Murena Terran - Winner!

Build Orders:  

Get SALT Encoding   

  12  0:00  SCV  
  13  0:13  SCV  
  14  0:18  Supply Depot  
  14  0:25  SCV  
  15  0:41  Barracks  
  15  0:42  SCV  
  16  0:54  SCV, Barracks  
  17  1:07  SCV  
  18  1:13  Barracks  
  18  1:19  SCV  
  19  1:28  Marine  
  19  1:31  Orbital Command  
  20  1:36  Supply Depot  
  20  1:41  Refinery  
  20  1:42  Marine  
  20  1:46  Marine  
  22  1:57  SCV  
  22  2:00  Marine  
  24  2:01  Marine  
  24  2:08  Supply Depot  
  25  2:09  SCV, Marine  
  27  2:17  Refinery  
  27  2:19  Marine x2  
  27  2:21  SCV  
  30  2:27  Marine  
  31  2:34  SCV  
  32  2:37  Supply Depot  
  32  2:38  Barracks Tech Lab  
  32  2:39  Marine  
  33  2:46  Marine  
  33  2:47  SCV  
  35  2:55  Factory  
  35  2:57  Marine  
  36  3:00  SCV  
  36  3:02  Marauder  
  36  3:04  Marine  
  40  3:13  SCV  
  40  3:15  Marine  
  42  3:21  Supply Depot  
  42  3:22  Barracks Tech Lab  
  42  3:25  Marauder  
  44  3:28  SCV  
  45  3:40  Starport, Combat Shield  
  45  3:42  Marine  
  46  3:50  Marauder  
  48  3:57  Supply Depot  
  48  4:01  Marine  
  48  4:02  Marine  
  50  4:05  SCV  
  51  4:12  Marine  
  51  4:16  Starport Reactor  
  52  4:19  Hellion  
  52  4:20  Barracks Reactor  
  52  4:22  Marauder  
  56  4:27  Supply Depot  
  56  4:31  Marauder  
  58  4:33  SCV  
  59  4:41  Supply Depot  
  59  4:47  Bunker  
  59  4:52  Medivac x2  
  63  4:54  Marauder  
  63  4:56  Hellion  
  67  5:00  Marauder  
  67  5:06  Concussive Shells  
  69  5:11  Marine x2  
  71  5:17  Factory Tech Lab  
  71  5:20  Marauder  
  73  5:22  Marauder  
Show
View Real Time Build Order
Export as new Build Order

ИИ 1 (эксперт) Protoss 

Build Orders: 1 Gate Expand 

Get SALT Encoding   

  12  0:00  Probe  
  13  0:13  Probe  
  14  0:18  Pylon  
  14  0:25  Probe  
  15  0:33  Probe  
  15  0:39  Gateway  
  15  0:41  Probe  
  17  0:51  Probe  
  18  0:59  Probe  
  19  1:07  Probe  
  19  1:09  Assimilator  
  19  1:13  Pylon  
  20  1:29  Nexus  
  20  1:40  Cybernetics Core  
  20  1:43  Probe  
  21  1:49  Zealot  
  23  2:00  Probe  
  23  2:02  Gateway  
  24  2:09  Probe  
  24  2:12  Pylon  
  25  2:17  Zealot  
  25  2:21  Probe  
  27  2:25  Warp Gate  
  28  2:33  Probe  
  28  2:35  Assimilator  
  28  2:36  Adept  
  29  2:45  Probe  
  32  2:51  Adept  
  32  2:54  Probe  
  35  2:59  Adept  
  35  3:00  Pylon  
  35  3:02  Probe  
  38  3:13  Probe  
  39  3:22  Sentry, Probe  
  39  3:23  Stalker  
  39  3:25  Probe  
  45  3:34  Probe  
  45  3:36  Robotics Facility  
  45  3:37  Probe  
  47  3:47  Adept, Probe  
  47  3:48  Adept  
  50  3:49  Probe  
  53  3:59  Probe  
  53  4:01  Probe  
  55  4:06  Pylon  
  55  4:11  Probe  
  55  4:13  Probe  
  57  4:23  Immortal, Probe  
  62  4:24  Stalker  
  62  4:26  Pylon, Probe  
  65  4:32  Stalker  
  65  4:35  Probe  
  65  4:38  Probe  
  69  4:42  Robotics Facility  
  69  4:45  Stalker  
  71  4:47  Probe  
  72  4:55  Immortal  
  72  4:56  Probe  
  72  4:59  Probe  
  74  5:02  Pylon  
  74  5:06  Pylon  
  78  5:20  Stalker x2, Probe x2  
  84  5:25  Pylon  
  84  5:41  Assimilator  
  84  5:42  Gateway  
  84  5:44  Assimilator  
  84  5:45  Twilight Council  
  84  5:49  Zealot  
  86  5:58  Zealot  
  86  6:03  Probe  
  79  6:06  Probe  
  64  6:13  Probe  
  64  6:15  Zealot  
  55  6:19  Zealot  
  55  6:23  Templar Archives  
  55  6:35  Zealot  
  55  6:36  Adept  
  55  6:39  Zealot  
  61  6:43  Probe  
  45  6:55  Probe, Zealot  
  45  6:56  Zealot  
  45  6:59  Stalker  
  48  7:08  Probe  
  38  7:15  Pylon, High Templar  
  38  7:16  Zealot  
  38  7:17  Probe  
  41  7:25  Probe  
  42  7:36  Zealot  
Tags
 
Add a new tag
Caveats
  • Supply blocks, unpowered buildings, or Contaminate may cause inaccurate times.
  • Supply counts are checked every 10 seconds.